 Dungeon Crawl Stone Soup version 0.31.0-32-g396128a36d (webtiles) character file.

Game seed: 10223693610786378354

1250 Maricar the Twirler (level 8, -12/53 HPs)
             Began as a Human Gladiator on Mar 8, 2024.
             Was a Believer of Hepliaklqana.
             Killed from afar by a lindwurm (17 damage)
             ... with a blast of flame
             ... created by the adversity of Qazlal
             ... on level 6 of the Dungeon on Mar 9, 2024.
             The game lasted 00:25:14 (6024 turns).

Maricar the Twirler (Human Gladiator)               Turns: 6024, Time: 00:25:14

Health: -12/53     AC:  8    Str: 12 (14) XL:     8   Next: 50%
Magic:  0/9        EV: 13    Int: 13 (14) God:    Hepliaklqana [**....]
Gold:   284        SH:  0    Dex: 15      Spells: 7/7 levels left

rFire   + . .        a - +0 quarterstaff
rCold   . . .        (shield currently unavailable)
rNeg    . . .        C - +0 troll leather armour
rPois   .            s - +1 helmet {Int+3}
rElec   .            (no cloak)
rCorr   .            (no gloves)
SInv    .            (no boots)
Will    .....        j - amulet of guardian spirit
Stlth   ++           l - ring of protection from fire
HPRegen 1.08/turn    (no ring)
MPRegen 0.11/turn

%: guardian spirit
@: no status effects
A: reduced essence, explore regen, iridescent scales 1, deterioration 1, shaggy
fur 1, sturdy frame 1
a: Renounce Religion, Recall Ancestor, Ancestor Identity


You were on level 6 of the Dungeon.
You worshipped Hepliaklqana.
Hepliaklqana was pleased with you.
You visited 2 branches of the dungeon, and saw 7 of its levels.
You also visited: Sewer.

You collected 284 gold pieces.

Inventory:

Hand Weapons
 a - a +0 quarterstaff (weapon)
Missiles
 d - a throwing net
 e - 3 javelins
 r - a silver javelin (quivered)
 B - 3 boomerangs
Armour
 s - a +1 helmet of intelligence (worn)
 C - a +0 troll leather armour (worn)
Jewellery
 g - an amulet of magic regeneration
 j - an amulet of guardian spirit (around neck)
 l - a ring of protection from fire (left hand)
Wands
 m - a wand of mindburst (19)
Scrolls
 i - 3 scrolls of vulnerability
 k - a scroll of blinking
 o - 2 scrolls of amnesia
 A - 2 scrolls of revelation
 D - 2 scrolls of summoning
Potions
 f - 4 potions of degeneration
 h - a potion of magic
 n - 2 potions of curing
 q - a potion of brilliance
 t - 2 potions of haste
 u - a potion of attraction {unknown}
 v - a potion of cancellation {unknown}
 w - a potion of ambrosia
 z - 3 potions of might


   Skills:
 * Level 3.6 Fighting
 * Level 6.3 Staves
 * Level 4.1 Throwing
 * Level 3.2 Armour
 * Level 4.4 Dodging
 * Level 2.9 Stealth
 * Level 2.2 Invocations
 * Level 2.1 Evocations


You had 7 spell levels left.
You didn't know any spells.
Your spell library contained the following spells:

 Spells                   Type           Power      Damage    Failure   Level
 Apportation              Tloc           0%         N/A       32%         1
 Necrotise                Necr           0%         1d4       32%         1
 Sting                    Conj/Alch      0%         1d3       32%         1
 Summon Small Mammal      Summ           0%         N/A       32%         1
 Cigotuvi's Dreadful Rot  Necr/Alch/Air  0%         N/A       43%         2
 Dispel Undead            Necr           0%         3d6       97%         4
 Martyr's Knell           Necr/Summ      0%         N/A       97%         4
 Death Channel            Necr           0%         N/A       100%        6


Dungeon Overview and Level Annotations

Branches:
Dungeon (6/15)             Temple (1/1) D:4           Sewer (visited)

Altars:
Ashenzari
Cheibriados
Dithmenos
Elyvilon
Fedhas
Gozag
Hepliaklqana
Kikubaaqudgha
Makhleb
Nemelex Xobeh
Okawaru
Qazlal
Ru
Trog
Wu Jian
Yredelemnul
Zin

Annotations:
D:6 2 transporters


Innate Abilities, Weirdness & Mutations

Your life essence is reduced to manifest your ancestor. (-10% HP)
You regain HP and MP as you explore.
You are partially covered in iridescent scales. (AC +2)
Your body sometimes deteriorates upon taking damage.
You are covered in fur. (AC +1)
Your movements are slightly less encumbered by armour. (ER -2)


Message History

Your body deteriorates!
You feel weakened.
Tochtli hits the lindwurm with a +0 flail.
You sock the lindwurm!
The lindwurm is severely wounded.
The lindwurm closely misses you. The lindwurm barely misses you.
The lindwurm closely misses you.
You hit the lindwurm but do no damage.
The lindwurm is severely wounded.
Something hits you but does no damage.
Tochtli hits the lindwurm but does no damage.
The lindwurm bites you!
Your body deteriorates!
You feel weakened. The lindwurm barely misses you. x2
Aiming: Charm
Press: ? - help, Shift-Dir - straight line, f - orc
Aim: an orc, wielding a +0 morningstar and wearing a +0 ring mail (chance to affect: 71%)
The orc struggles to resist.
The now-empty wand crumbles to dust.
Something hits you. The lindwurm bites you! The lindwurm misses you.
The lindwurm barely misses you.
Tochtli completely misses the lindwurm.
Unknown command.
You barely miss the lindwurm.
The lindwurm is severely wounded.
Something hits you but does no damage. The lindwurm breathes flames at you.
The blast of flame hits you!! You resist.
* * * LOW HITPOINT WARNING * * *
Your body deteriorates!
You feel dopey.
You feel better. The orc hits you but does no damage.
Something hits you but does no damage.
Tochtli hits the lindwurm with a +0 flail!
The lindwurm closely misses you. The lindwurm claws you.
* * * LOW HITPOINT WARNING * * *
The lindwurm claws you.
* * * LOW HITPOINT WARNING * * *
You feel better. The orc hits you with a +0 morningstar!
* * * LOW HITPOINT WARNING * * *
Something hits you but does no damage. The lindwurm breathes flames at you.
The blast of flame hits you! You resist.
You die...

........###.......)..........#
...........................###
......#.#.##...............##
......#.#####.......#.......#
.....##...##>.......##......##
......## .................#..#
.......####......o..........##
.##......###.>...o(........##
.##.<.........Rk@........###
........................##
...#.......)............#
...#........†...........#
..##......###.#......[.##
..##.#...## ###....#..##
.....###.# ##.......## ..##.#
...# #...##.[.# ..##.###..#
..........#


You could see the friendly Tochtli the knight, a lindwurm (catching breath, ally
target) and 2 orcs.

Vanquished Creatures
  A troll (D:6)
  An air elemental (D:6)
  A basilisk (D:6)
  A kobold brigand (Sewer)
  2 scorpions
  2 jellies (D:5)
  A hound (D:5)
  3 orc priests
  3 iguanas
  5 orc wizards
  3 gnolls (D:5)
  4 adders
  2 river rats (Sewer)
  2 dart slugs
  3 ribbon worms
  10 orcs
  11 endoplasms
  3 giant cockroaches
  4 hobgoblins
  6 quokkas
  5 ball pythons
  5 bats
  3 frilled lizards (D:1)
  6 goblins
  13 kobolds
  9 rats
109 creatures vanquished.

Vanquished Creatures (collateral kills)
  A sky beast (D:6)
  A scorpion (D:5)
  A bombardier beetle (D:5)
  2 hounds
  A sleepcap (D:6)
  An iguana (D:6)
  A gnoll (D:5)
  3 orcs
11 creatures vanquished.

Vanquished Creatures (others)
  A jelly (D:6)
  An ancestor (D:5)
  An orc (D:4)
3 creatures vanquished.

Grand Total: 123 creatures vanquished

Notes
Turn   | Place    | Note
-------+----------+-------------------------------------------
     0 | D:1      | Maricar the Human Gladiator began the quest for the Orb.
     0 | D:1      | Reached XP level 1. HP: 16/16 MP: 1/1
   185 | D:1      | Reached XP level 2. HP: 20/22 MP: 2/2
   313 | D:2      | Reached XP level 3. HP: 26/27 MP: 3/3
   761 | D:2      | Found an opulent altar of Gozag.
  1121 | D:3      | Reached skill level 1 in Armour
  1172 | D:3      | Found a glowing drain.
  1204 | Sewer    | Entered a sewer
  1235 | Sewer    | Reached XP level 4. HP: 33/33 MP: 4/4
  1287 | Sewer    | Noticed a kobold brigand
  1315 | Sewer    | Killed a kobold brigand
  1316 | Sewer    | Reached skill level 4 in Staves
  1316 | Sewer    | Reached skill level 1 in Stealth
  1316 | Sewer    | Reached XP level 5. HP: 16/39 MP: 1/5
  1790 | D:4      | Reached XP level 6. HP: 40/46 MP: 3/6
  2030 | D:4      | Found a staircase to the Ecumenical Temple.
  2085 | Temple   | Entered the Ecumenical Temple
  2271 | Temple   | Became a worshipper of Qazlal Stormbringer
  4548 | D:1      | Found a faded altar of an unknown god.
  4581 | D:1      | Prayed at the altar of an unknown god.
  4581 | D:1      | Fell from the grace of Qazlal
  4581 | D:1      | Became a worshipper of Hepliaklqana the Forgotten
  4581 | D:1      | Reached * piety under Hepliaklqana
  5031 | D:5      | Entered Level 5 of the Dungeon
  5074 | D:5      | Reached skill level 1 in Evocations
  5081 | D:5      | Reached skill level 5 in Staves
  5081 | D:5      | Reached XP level 7. HP: 35/46 MP: 5/7
  5170 | D:5      | Gained mutation: You are partially covered in iridescent
                  | scales. (AC +2) [potion of mutation]
  5170 | D:5      | Gained mutation: Your body sometimes deteriorates upon
                  | taking damage. [potion of mutation]
  5170 | D:5      | Gained mutation: You are covered in fur. (AC +1) [potion of
                  | mutation]
  5170 | D:5      | Gained mutation: Your movements are slightly less
                  | encumbered by armour. (ER -2) [potion of mutation]
  5192 | D:5      | Reached skill level 1 in Invocations
  5415 | D:5      | Reached ** piety under Hepliaklqana
  5416 | D:5      | Remembered your ancestor Tochtli as a knight
  5598 | D:6      | Noticed a troll
  5607 | D:6      | Killed a troll
  5608 | D:6      | Reached skill level 6 in Staves
  5608 | D:6      | Reached XP level 8. HP: 36/52 MP: 6/9
  5724 | D:6      | Noticed an air elemental
  5730 | D:6      | Paralysed by an air elemental for 1 turns
  5732 | D:6      | Paralysed by an air elemental for 1 turns
  5735 | D:6      | Paralysed by an air elemental for 1 turns
  5741 | D:6      | Paralysed by an air elemental for 1 turns
  5752 | D:6      | Paralysed by an air elemental for 1 turns
  5757 | D:6      | Killed an air elemental
  5826 | D:6      | Noticed a shadow
  5827 | D:6      | Noticed a troll
  5829 | D:6      | Noticed a boulder beetle
  5830 | D:6      | Found a transporter.
  5831 | D:6      | Found a broken altar of Ashenzari.
  5855 | D:6      | Found a transporter.
  5983 | D:6      | Noticed a wind drake
  5983 | D:6      | Noticed a lindwurm
  5983 | D:6      | Noticed a lindwurm
  6024 | D:6      | Killed from afar by a lindwurm

Illustrated notes

Levels and vault maps discovered:
D:1:      wheals_arrival_shading, layout_basic,
          shapermc_ecumenical_altar_starsandcircs
D:2:      layout_rooms, basic_altar, minmay_misc_feat_room, minmay_vboxes
D:3:      layout_loops_corners, portal_sewer_entry_a
D:4:      layout_layer_cave, minmay_temple_entry_statues,
          hangedman_abyss_or_decor_slice, guppyfry_early_orc_mine
D:5:      layout_rooms
D:6:      layout_cave_pools, gammafunk_temple_overflow_arena
Temple:   nicolae_temple_slightly_damp_pantheon

Skill      XL: |  1  2  3  4  5  6  7  8 |
---------------+-------------------------+-----
Armour         | 1 2 3 |  3.2
Staves         | 4 5 6 |  6.3
Stealth        | 1 2 |  2.9
Fighting       | 3 |  3.6
Throwing       | 3 4 |  4.1
Dodging        | 4 |  4.4
Evocations     | 1 2 |  2.1
Invocations    | 1 2 |  2.2

Action                     |  1- 3 |  4- 6 |  7- 9 || total
---------------------------+-------+-------+-------++-------
  Melee: Quarterstaff      |   110 |   153 |    67 ||   330
  Throw: Javelin           |     5 |    56 |    34 ||    95
         Throwing net      |       |     3 |     2 ||     5
 Invoke: Ancestor Identity |       |     1 |       ||     1
         Ancestor Life: Kn |       |       |     1 ||     1
         Recall Ancestor   |       |       |     1 ||     1
  Evoke: Wand              |       |     1 |     8 ||     9
    Use: Scroll            |     9 |     8 |     8 ||    25
         Potion            |       |       |     8 ||     8
   Stab: Held in net/web   |       |     2 |     2 ||     4
         Distracted        |       |       |     2 ||     2
 Armour: Leather armour    |    82 |   105 |    31 ||   218
         Troll leather arm |       |       |    90 ||    90
  Dodge: Dodged            |    92 |    81 |    91 ||   264
